 Dungeon Crawl Stone Soup version 0.28-a0-1152-g9c71ebef14 (webtiles) character file.

Game seed: 5565891016053625524

1359 gimp the Conjurer (level 8, -1/72 HPs)
             Began as a Tengu Wanderer on Dec 14, 2021.
             Was a Follower of Vehumet.
             Succumbed to a kobold brigand's curare-tipped dart
             ... on level 5 of the Dungeon.
             The game lasted 00:14:55 (9441 turns).

gimp the Conjurer (Tengu Wanderer)                  Turns: 9441, Time: 00:14:56

Health: -1/72      AC: 24    Str: 12    XL:     8   Next: 64%
Magic:  12/15      EV:  2    Int: 15    God:    Vehumet [*.....]
Gold:   797        SH:  5    Dex: 14    Spells: 12/16 levels left

rFire   . . .      SeeInvis .   a - +0 mace
rCold   . . .      Faith    .   k - +0 buckler
rNeg    . . .      Spirit   .   (armour currently unavailable)
rPois   +          Reflect  .   (helmet currently unavailable)
rElec   .          Harm     .   (cloak currently unavailable)
rCorr   .          Rampage  .   (gloves currently unavailable)
Will    .....      NoTele   +   (boots unavailable)
Stlth   ++........              (no amulet)
HPRegen 0.22/turn               o - ring of wizardry
MPRegen 0.14/turn               (no ring)

@: lethally poisoned (-1 -> -2), tree-form, slowed, very slow
A: stationary, stasis, torment immunity, boosted hp, (beak), (talons 3), nimble
flight
a: Renounce Religion


You were on level 5 of the Dungeon.
You worshipped Vehumet.
Vehumet was aware of your devotion.
You were a tree.
You visited 1 branch of the dungeon, and saw 6 of its levels.

You collected 1003 gold pieces.
You spent 206 gold pieces at shops.

Inventory:

Hand Weapons
 a - a +0 mace (weapon)
Missiles
 b - 2 throwing nets
 l - 12 poisoned darts (quivered)
Armour
 e - a +1 robe of willpower (melded)
 k - a +0 buckler (worn)
 q - a scarf of resistance (melded)
Magical Staves
 h - a staff of cold
Jewellery
 o - a ring of wizardry (left branch)
Wands
 i - a wand of iceblast (2)
 r - a wand of charming (20)
 t - a wand of polymorph (4)
Scrolls
 c - a scroll of blinking
 f - 2 scrolls of magic mapping
 g - 2 scrolls of fog
 j - 2 scrolls of identify
 n - a scroll of immolation
 p - a scroll of teleportation
Potions
 u - a potion of haste
 w - a potion of flight


   Skills:
 - Level 4.0 Fighting
 - Level 1.1 Long Blades
 - Level 5.0 Maces & Flails
 - Level 1.0 Throwing
 - Level 1.1 Dodging
 - Level 2.0 Stealth
 - Level 4.0 Shields
 + Level 4.6 Spellcasting
 * Level 7.0 Conjurations


You had 12 spell levels left.
You knew the following spells:

 Your Spells              Type           Power      Damage    Failure   Level
a - Magic Dart            Conj           96%        1d7       1%          1
b - Mephitic Cloud        Conj/Pois/Air  10%        N/A       8%          3

Your spell library contained the following spells:

 Spells                   Type           Power      Damage    Failure   Level
 Shock                    Conj/Air       56%        1d6       1%          1
 Dazzling Flash           Conj/Hex       28%        N/A       4%          3
 Call Imp                 Summ           3%         N/A       11%         2
 Iskenderun's Mystic Bla  Conj/Tloc      14%        2d5       16%         4
 Starburst                Conj/Fire      7%         6d4       91%         6


Dungeon Overview and Level Annotations

Branches:
Dungeon (6/15)             Temple (0/1) D:4

Altars:
Makhleb
Ru
Vehumet
Yredelemnul
The Shining One

Shops:
D:4 [

Annotations:
D:3 exclusion: statue
D:5 1 runed translucent door, spaghetti's ghost, weakling OpDe


Innate Abilities, Weirdness & Mutations

You are a tree.
Your roots penetrate the ground, keeping you stationary.
You cannot be teleported.
You are immune to unholy pain and torment.
Your maximum health is greatly increased.
Your equipment is partially melded.
((You have a beak for a mouth.))
((You have claws for feet.))
Your magical nature lets you fly swiftly and evasively.


Message History

You feel extremely sick.
There is a stone staircase leading down, spattered with blood here.
You take 20 damage, and have 11/48 hp.
MASSIVE DAMAGE!!
Okay, then.
* * * LOW HITPOINT WARNING * * *
You feel very sick. The kobold hits you with a +0 dagger.
* * * LOW HITPOINT WARNING * * *
You see here a +0 dagger.
You take 6 damage, and have 5/48 hp.
Really quaff the potion of lignification?
You turn into a tree.
Your scarf of resistance melds into your body.
Your +1 robe of willpower melds into your body.
You feel hot and cold all over.
You feel less strong-willed.
Your roots penetrate the ground.
* * * LOW HITPOINT WARNING * * *
You feel very sick. You block the kobold's attack.
You now have 6/72 hp.
You hit the kobold.
The kobold is heavily wounded.
* * * LOW HITPOINT WARNING * * *
You feel very sick. You block the kobold's attack.
The kobold hits you but does no damage.
You take 3 damage, and have 3/72 hp.
You closely miss the kobold.
The kobold is heavily wounded.
* * * LOW HITPOINT WARNING * * *
You feel sick. You block the kobold's attack.
You take 2 damage, and have 1/72 hp.
You hit the kobold.
The kobold is severely wounded.
* * * LOW HITPOINT WARNING * * *
You feel sick.
The kobold hits you but does no damage. x2
You hit the kobold.
You kill the kobold!
Vehumet accepts your kill.
You feel your power returning.
You die...

### #.......[..# #....
#.# #..........###....
#.# #...........).....
#.# #...)......###....
####.# #.)........# #....
##....# #..........#
#.... ###..##.#
#))....(...# #....
#...###.# #>##########
#.... ######### #.# ##♣#
#.... ..#.....# #.# #..#
#.... ).+≈≈≈≈[# #.###.##
###[### ..#.W...###.##..#
#...# #.#######.......#
####.##### .....#
#.......# ###.........
####.#
#...<...######.....######
#.# #.....<..........###
#.# #..........#####.#


There were no monsters in sight!

Vanquished Creatures
  2 sky beasts
  3 ogres
  A phantom (D:5)
  A kobold brigand (D:5)
  4 scorpions
  A water moccasin zombie (D:5)
  A water moccasin skeleton (D:4)
  2 bullfrog zombies (D:5)
  2 hounds
  A jelly (D:5)
  3 scorpion zombies (D:5)
  An iguana (D:4)
  An orc wizard (D:3)
  A howler monkey skeleton (D:5)
  5 adders
  2 white imps (D:5)
  An adder zombie (D:5)
  2 worms
  3 dart slugs
  10 orcs
  3 endoplasms
  5 giant cockroaches
  3 goblins
  7 hobgoblins
  3 jackals
  2 quokkas (D:3)
  6 ball pythons
  5 bats
  6 frilled lizards
  22 kobolds
  5 rats
114 creatures vanquished.

Vanquished Creatures (others)
  7 plants (D:4)
7 creatures vanquished.

Grand Total: 121 creatures vanquished

Notes
Turn   | Place    | Note
-------+----------+-------------------------------------------
     0 | D:1      | gimp the Tengu Wanderer began the quest for the Orb.
     0 | D:1      | gimp set off with the following items: a +0 mace, 2
                  | throwing nets, a +0 leather armour, a potion of
                  | lignification, a +0 dagger
     0 | D:1      | Reached XP level 1. HP: 12/12 MP: 2/2
   815 | D:1      | Reached XP level 2. HP: 17/17 MP: 3/3
  1366 | D:2      | Found a faded altar of an unknown god.
  1443 | D:2      | Found a burning altar of Makhleb.
  1679 | D:2      | Reached XP level 3. HP: 20/22 MP: 4/4
  2347 | D:3      | Found a radiant altar of Vehumet.
  2369 | D:3      | Noticed a charred statue
  2599 | D:3      | Reached XP level 4. HP: 15/27 MP: 5/5
  3302 | D:4      | Found a sacrificial altar of Ru.
  3352 | D:4      | Noticed an ogre
  3409 | D:3      | Became a worshipper of Vehumet
  3481 | D:4      | Found Cuxaumas's Antique Armour Shoppe.
  3701 | D:3      | Gained mutation: Your magical nature lets you fly swiftly
                  | and evasively. [Tengu growth]
  3701 | D:3      | Reached XP level 5. HP: 19/32 MP: 6/6
  4380 | D:4      | Reached skill level 5 in Maces & Flails
  4380 | D:4      | Reached XP level 6. HP: 19/37 MP: 7/7
  4540 | D:4      | Noticed an ice beast
  4867 | D:5      | Entered Level 5 of the Dungeon
  5073 | D:5      | Reached skill level 1 in Spellcasting
  5073 | D:5      | Reached skill level 1 in Conjurations
  5506 | D:5      | Reached XP level 7. HP: 25/42 MP: 9/11
  5515 | D:5      | Learned a level 1 spell: Magic Dart
  5667 | D:5      | Found a basalt altar of Yredelemnul.
  5669 | D:5      | Noticed a profane servitor
  5686 | D:5      | Found a glowing golden altar of the Shining One.
  5709 | D:5      | Reached skill level 2 in Conjurations
  5731 | D:5      | HP: 2/63 [bullfrog zombie (4)]
  6047 | D:5      | Noticed an angel
  6648 | D:5      | Learned a level 3 spell: Mephitic Cloud
  6839 | D:5      | Reached skill level 3 in Conjurations
  7037 | D:5      | Found a runed translucent door.
  7038 | D:5      | Noticed spaghetti's ghost (weakling OpDe)
  7484 | D:5      | Reached XP level 8. HP: 43/48 MP: 1/14
  7596 | D:6      | Reached skill level 4 in Conjurations
  7875 | D:5      | Identified a scroll of acquirement
  7879 | D:5      | Acquired 704 gold pieces
  7914 | D:4      | Bought a runed robe for 103 gold pieces
  7914 | D:4      | Bought an embroidered robe for 103 gold pieces
  8061 | D:4      | Reached skill level 5 in Conjurations
  8062 | D:4      | Reached * piety under Vehumet
  8062 | D:4      | Offered knowledge of Shock by Vehumet.
  8416 | D:4      | Found a staircase to the Ecumenical Temple.
  9075 | D:5      | Reached skill level 6 in Conjurations
  9247 | D:6      | Reached skill level 7 in Conjurations
  9438 | D:5      | HP: 3/72 [poisoned by a kobold brigand (curare-tipped
                  | dart)]
  9439 | D:5      | HP: 1/72 [poisoned by a kobold brigand (curare-tipped
                  | dart)]
  9441 | D:5      | Succumbed to a kobold brigand's curare-tipped dart

Illustrated notes

Levels and vault maps discovered:
D:1:      eino_arrival_cavern_b, layout_loops_ring
D:2:      layout_loops_ring, hellmonk_ecumenical_altar_blasted, basic_altar,
          minmay_box_of_dots
D:3:      layout_rooms, vehumet_statue
D:4:      layout_basic, mainiacjoe_overflow_chevrons, temple_fountains,
          serial_shops, nicolae_shop_hallway_stairs
D:5:      layout_rooms, grunt_temple_overflow_holy_war,
          ebering_ghost_reflecting_pool
D:6:      layout_loops_ring, gammafunk_ghost_cemetery

Skill      XL: |  1  2  3  4  5  6  7  8 |
---------------+-------------------------+-----
Maces & Flails | 3 4 5 |  5.0
Shields        | 2 3 4 |  4.0
Fighting       | 3 4 |  4.0
Spellcasting   | 2 3 4 |  4.6
Conjurations   | 1 3 7 |  7.0
Long Blades    | |  1.1
Throwing       | |  1.0
Dodging        | |  1.1
Stealth        | |  2.0

Action                   |  1- 3 |  4- 6 |  7- 9 || total
-------------------------+-------+-------+-------++-------
Melee: Mace              |    99 |   136 |   134 ||   369
       Kick              |    19 |    44 |    34 ||    97
       Peck              |    11 |    23 |    17 ||    51
Throw: Dart              |    10 |    10 |     5 ||    25
 Cast: Magic Dart        |       |       |   142 ||   142
       Mephitic Cloud    |       |       |    11 ||    11
Evoke: Wand              |       |       |     3 ||     3
  Use: Potion            |       |       |     8 ||     8
       Scroll            |       |       |     9 ||     9
 Stab: Sleeping          |     7 |     4 |       ||    11
       Confused          |       |       |     5 ||     5
Armor: Leather armour    |    25 |    19 |    23 ||    67
       Skin              |       |       |    15 ||    15
       Robe              |       |       |     6 ||     6
Dodge: Dodged            |    45 |    87 |   110 ||   242
Block: Buckler           |    20 |    33 |    33 ||    86

Table legend: (Time is in decaauts)
 A = Elapsed time spent in this place.
 B = Non-inter-level travel time spent in this place.
 C = Inter-level travel time spent in this place.
 D = Time resting spent in this place.
 E = Time spent auto-exploring this place.
 F = Levels seen in this place.
 G = Mean time per level.
                   A        B        C        D        E       F      G
               +--------+--------+--------+--------+--------+-----+--------+
         Total |   9385 |   9177 |    208 |   2473 |   4998 |   6 | 1564.2 |
       Dungeon |   9385 |   9177 |    208 |   2473 |   4998 |   6 | 1564.2 |
               +--------+--------+--------+--------+--------+-----+--------+

Top non-repeatable levels by time:
     D:5: 3379 daAuts
     D:4: 1565 daAuts
     D:3: 1552 daAuts
     D:1: 1232 daAuts
     D:2: 1087 daAuts
     D:6: 567 daAuts
